 Dungeon Crawl Stone Soup version 0.27-a0-1273-gec92ba881d (webtiles) character file.

Game seed: 13500191800700495595

143 Anon1729 the Cudgeller (level 5, -4/40 HPs)
             Began as a Palentonga Warper on June 11, 2021.
             Was an Initiate of Cheibriados.
             Slain by an ogre
             ... wielding a +0 giant spiked club
              (15 damage)
             ... on level 4 of the Dungeon.
             The game lasted 00:03:21 (4107 turns).

Anon1729 the Cudgeller (Palentonga Warper)          Turns: 4107, Time: 00:03:21

Health: -4/40      AC:  7    Str: 17    XL:     5   Next: 4%
Magic:  8/8        EV:  7    Int: 14    God:    Cheibriados [......]
Gold:   203        SH:  0    Dex: 10    Spells: 8/8 levels left

rFire    . . .     SeeInvis +   a - +0 mace
rCold    . . .     Faith    .   (no shield)
rNeg     . . .     Spirit   .   g - +0 scale mail
rPois    +         Reflect  .   o - +0 helmet
rElec    .         Harm     .   (no cloak)
rCorr    .         Rampage  .   (no gloves)
Will     .....                  (no barding)
Stlth    ..........             (no amulet)
HPRegen  0.13/turn              m - ring of poison resistance
MPRegen  0.11/turn              (no ring)

@: very slow
A: large, rugged brown scales 3, see invisible, deformed body, roll 1, armoured
tail
a: Rolling Charge, Renounce Religion, Bend Time


You were on level 4 of the Dungeon.
You worshipped Cheibriados.
Cheibriados was noncommittal.
You visited 2 branches of the dungeon, and saw 5 of its levels.

You collected 203 gold pieces.

Inventory:

Hand Weapons
 a - a +0 mace (weapon)
Missiles
 e - 5 boomerangs of dispersal
 h - a curare-tipped dart
 j - 14 boomerangs
Armour
 b - a +0 leather armour
 g - a +0 scale mail (worn)
 o - a +0 helmet (worn)
Jewellery
 m - a ring of poison resistance (left hand)
Scrolls
 c - 4 scrolls of fear {unknown}
 d - a scroll of blinking
 f - a scroll of identify {unknown}
 i - 2 scrolls of amnesia {unknown}
 p - a scroll of fog {unknown}
 q - a scroll of enchant armour {unknown}
Potions
 k - a potion of invisibility {unknown}
 l - a potion of resistance {unknown}
 n - a potion of flight {unknown}


   Skills:
 - Level 2.0 Fighting
 + Level 5.2 Maces & Flails
 - Level 0.6 Throwing
 - Level 0.9 Armour
 - Level 1.5 Dodging
 - Level 2.0 Spellcasting
 - Level 3.0 Translocations


You had 8 spell levels left.
You didn't know any spells.
Your spell library contained the following spells:

 Spells                   Type           Power      Damage    Failure   Level
 Blink                    Tloc           N/A        N/A       36%         2
 Gell's Gravitas          Tloc           4%         N/A       58%         3
 Lesser Beckoning         Tloc           4%         N/A       58%         3
 Teleport Other           Tloc           9%         N/A       58%         3
 Summon Small Mammal      Summ           4%         N/A       63%         1
 Call Imp                 Summ           1%         N/A       77%         2
 Call Canine Familiar     Summ           1%         N/A       94%         3
 Confusing Touch          Hex            1%         N/A       94%         3
 Summon Guardian Golem    Hex/Summ       1%         N/A       94%         3
 Petrify                  Tmut/Erth      1%         N/A       100%        4
 Summon Ice Beast         Ice/Summ       1%         N/A       100%        4
 Summon Lightning Spire   Summ/Air       1%         N/A       100%        4
 Manifold Assault         Tloc           9%         N/A       100%        5
 Metabolic Englaciation   Hex/Ice        0%         N/A       100%        5
 Yara's Violent Unravell  Hex/Tmut       0%         3d3       100%        5


Dungeon Overview and Level Annotations

Branches:
Dungeon (4/15)             Temple (1/1) D:4

Altars:
Cheibriados
Dithmenos
Gozag
Hepliaklqana
Kikubaaqudgha
Makhleb
Nemelex Xobeh
Okawaru
Sif Muna
Trog
Uskayaw
Vehumet
Wu Jian
Yredelemnul
Zin
The Shining One

Annotations:
D:3 1 runed translucent door, polve's ghost, weakling DsAK


Innate Abilities, Weirdness & Mutations

You are completely covered in rugged brown scales. (AC +3, +7% HP)
You have supernaturally acute eyesight. (SInv)
Armour fits poorly on your strangely shaped body.
You can roll at nearby foes to attack.
You have a long armoured tail.


Message History

The orc hits you but does no damage.
You hit the orc.
You kill the orc!
Cheibriados appreciates the change of pace.
No target in view!
No target in view!
No target in view!
You see here a +0 hand axe.
j - 14 boomerangs (gained 2)
Items here: )) ††.
Found a stone staircase leading up.
q - a scroll labelled UCAHUO GUTE
There is a stone staircase leading up here.
You see here 14 poisoned darts.
Found a stone staircase leading down.
Found a stone staircase leading up.
An ogre comes into view. It is wielding a +0 giant spiked club.
An ogre is nearby!
An ogre is nearby!
An ogre is nearby!
Okay, then.
You start putting on your armour.
You continue putting on your +0 helmet. x4
The ogre hits you with a +0 giant spiked club!
You finish putting on your +0 helmet.
You hit the ogre.
The ogre is moderately wounded.
The ogre hits you with a +0 giant spiked club!!
Ouch! That really hurt!
* * * LOW HITPOINT WARNING * * *
Okay, then.
You aren't carrying any items that you can evoke.
Throw: 2 darts (curare)
Press: ? - help, Shift-Dir - straight line, f - ogre
Aim: an ogre, wielding a +0 giant spiked club (moderately wounded, 72% to hit)
You throw a curare-tipped dart. The curare-tipped dart hits the ogre.
The ogre is poisoned.
The ogre convulses.
The ogre seems to slow down.
The ogre is severely wounded.
The ogre hits you with a +0 giant spiked club!
You die...

###########
.##############..........
.<>....O@........###.....
.#.................#.####
#.###.#.#######.#.#.#
#.### #.......#### #.
#........... #.###
#...#.#####. #...#
##.##.#####.
###.######.##.##.##.
#..........##.#.#.##


You could see an ogre (very poisoned, slow).

Vanquished Creatures
  An orc wizard (D:4)
  3 adders
  A worm (D:3)
  A dart slug (D:1)
  9 orcs
  7 ball pythons
  5 bats (D:1)
  7 endoplasms
  2 giant cockroaches
  8 goblins
  5 hobgoblins
  3 jackals (D:1)
  10 kobolds
  2 quokkas
  3 frilled lizards
  6 rats
73 creatures vanquished.

Vanquished Creatures (others)
  A fungus (D:3)
  4 toadstools (D:3)
5 creatures vanquished.

Grand Total: 78 creatures vanquished

Notes
Turn   | Place    | Note
-------+----------+-------------------------------------------
     0 | D:1      | Anon1729 the Palentonga Warper began the quest for the Orb.
     0 | D:1      | Reached XP level 1. HP: 17/17 MP: 3/3
   269 | D:1      | Reached XP level 2. HP: 21/23 MP: 5/5
   329 | D:1      | Reached skill level 3 in Maces & Flails
  1004 | D:1      | Reached XP level 3. HP: 27/28 MP: 6/6
  2100 | D:2      | Reached skill level 4 in Maces & Flails
  2427 | D:2      | Found a faded altar of an unknown god.
  2946 | D:3      | Reached XP level 4. HP: 34/35 MP: 7/7
  3077 | D:3      | Found a runed translucent door.
  3080 | D:3      | Noticed polve's ghost (weakling DsAK)
  3359 | D:4      | Found a staircase to the Ecumenical Temple.
  3377 | Temple   | Entered the Ecumenical Temple
  3603 | Temple   | Became a worshipper of Cheibriados the Contemplative
  3854 | D:4      | Reached skill level 5 in Maces & Flails
  3912 | D:4      | Reached XP level 5. HP: 31/40 MP: 8/8
  4098 | D:4      | Noticed an ogre
  4107 | D:4      | Slain by an ogre

Illustrated notes

Levels and vault maps discovered:
D:1:      saegor_arrival_simple_a, layout_basic
D:2:      layout_loops_corners, chequers_ecumenical_altar_simple,
          minmay_tromino_v4_a
D:3:      layout_rooms, ebering_ghost_reflecting_pool, minmay_gold_behind_fungi
D:4:      layout_loops_ring, minmay_temple_entry_arrows,
          biasface_ghost_orc_armoury
Temple:   eino_temple_scatter_basement

Skill      XL: |  1  2  3  4 |
---------------+-------------+-----
Maces & Flails | 3 4 5 |  5.2
Fighting       | |  2.0
Throwing       | |  0.6
Armour         | |  0.9
Dodging        | |  1.5
Spellcasting   | |  2.0
Translocations | |  3.0

Action                   |  1- 3 |  4- 6 || total
-------------------------+-------+-------++-------
Melee: Mace              |   139 |    84 ||   223
       Tailslap          |    18 |     7 ||    25
Throw: Dart              |       |     1 ||     1
 Abil: Rolling Charge    |       |     1 ||     1
  Use: Potion            |     1 |       ||     1
Armor: Leather armour    |    19 |       ||    19
       Scale mail        |    49 |    34 ||    83
Dodge: Dodged            |    58 |    28 ||    86

Table legend: (Time is in decaauts)
 A = Elapsed time spent in this place.
 B = Non-inter-level travel time spent in this place.
 C = Inter-level travel time spent in this place.
 D = Time resting spent in this place.
 E = Time spent auto-exploring this place.
 F = Levels seen in this place.
 G = Mean time per level.
                   A        B        C        D        E       F      G
               +--------+--------+--------+--------+--------+-----+--------+
         Total |   4198 |   4096 |    102 |    471 |   3111 |   5 |  839.6 |
       Dungeon |   3959 |   3885 |     74 |    471 |   2901 |   4 |  989.8 |
        Temple |    239 |    212 |     27 |      0 |    210 |   1 |  239.0 |
               +--------+--------+--------+--------+--------+-----+--------+

Top non-repeatable levels by time:
     D:2: 1547 daAuts
     D:1: 1080 daAuts
     D:3: 747 daAuts
     D:4: 583 daAuts
  Temple: 239 daAuts
